 Dungeon Crawl Stone Soup version 0.18.1-48-g4cf74bf (webtiles) character file.

84 grulito the Charmwright (level 4, -3/34 HPs)
             Began as a Merfolk Skald on June 29, 2016.
             Killed from afar by an orc wizard (8 damage)
             ... with a magic dart
             ... on level 3 of the Dungeon.
             The game lasted 00:08:55 (2977 turns).

grulito the Charmwright (Merfolk Skald)             Turns: 2977, Time: 00:08:57

Health: -3/34      AC:  3    Str: 12    XL:     4   Next: 46%
Magic:  1/7        EV: 13    Int: 12    God:
Gold:   114        SH:  0    Dex: 13    Spells: 3 memorised, 1 level left

rFire  . . .     SeeInvis .     a - +0 short sword
rCold  . . .     Gourm    .     b - +0 leather armour
rNeg   . . .     Faith    .     (no shield)
rPois  .         Spirit   .     (no helmet)
rElec  .         Dismiss  .     (no cloak)
rCorr  .         Reflect  .     (no gloves)
SustAt .         Harm     .     (no boots)
MR     .....                    (no amulet)
Stlth  +.........               (no ring)
                                (no ring)

@: very slightly contaminated, not resistant to hostile enchantments, very
unstealthy
A: change form in water, swift swim
a: no special abilities


You were on level 3 of the Dungeon.
You were very hungry.

You visited 1 branch of the dungeon, and saw 3 of its levels.

You collected 114 gold pieces.

Inventory:

Hand Weapons
 a - a +0 short sword (weapon)
 d - a +0 dagger
Armour
 b - a +0 leather armour (worn)
Jewellery
 n - an uncursed ring of fire {unknown}
Wands
 u - a wand of random effects (36/48)
Scrolls
 f - 2 scrolls of enchant armour {unknown}
 h - 2 scrolls of remove curse {unknown}
 i - 2 scrolls of teleportation {unknown}
 l - a scroll of magic mapping {unknown}
 o - a scroll of noise {unknown}
 q - 2 scrolls of recharging {unknown}
 s - a scroll of blinking {unknown}
Potions
 e - 2 potions of curing {unknown}
 g - a potion of heal wounds {unknown}
 j - a potion of ambrosia {unknown}
 k - 2 potions of agility {unknown}
 m - a potion of degeneration {unknown}
 t - a potion of haste {unknown}
Books
 c - a book of Battle

   Spells                             Type                      Level
   a - Infusion                       Charms                       1
   b - Shroud of Golubria             Charms/Translocation         2
   c - Song of Slaying                Charms                       2
   d - Spectral Weapon                Hexes/Charms                 3
   e - Regeneration                   Charms/Necromancy            3
Comestibles
 p - 3 fruits
 r - a meat ration


   Skills:
 * Level 2.7 Fighting
 * Level 3.4 Short Blades
 - Level 0.6 Armour
 * Level 3.5 Dodging
 - Level 1.0 Stealth
 - Level 2.0 Spellcasting
 + Level 3.7 Charms


You had one spell level left.
You knew the following spells:

 Your Spells              Type           Power        Failure   Level  Hunger
a - Infusion              Chrm           ##..         10%         1    ##.....
b - Regeneration          Chrm/Necr      #.........   58%         3    ####...
c - Shroud of Golubria    Chrm/Tloc      #.........   28%         2    ###....


Dungeon Overview and Level Annotations

Branches:
Dungeon (3/15)

Altars:
Kikubaaqudgha


Message History

The giant newt bites you.
The orc wizard hits you but does no damage.
The orc wizard points at you and mumbles some strange words.
The puff of frost hits you!
The orc wizard points at you and mumbles some strange words.
The puff of frost hits you!
* * * LOW HITPOINT WARNING * * *
The orc wizard casts a spell at you. The puff of frost misses you.
The orc wizard miscasts a cantrip.
The orc wizard hits you with a dagger.
* * * LOW HITPOINT WARNING * * *
Unknown command.
Casting: Regeneration
Confirm with . or Enter, or press ? or * to list all spells.
You miscast Regeneration.
You sense a malignant aura.
The orc wizard completely misses you. The orc wizard casts a spell at you.
The magic dart hits you!
You die...

...........# .# ....######## .#
.#.## .# .#.# ####### .# # .#.#
#.....#####.#..# .#.#####
###.###...ol...... .#.....#
#.....#######.#..#
.#####.#########o###...........
# .# #..........@#
#..######.##.#
.#####.#########.###.## .# .
....##.# #...).# .. #....[.#
###.##...... .# #.#.##.# ##.#
.###.# ## .......# #.>##.#
....#### #.###.# .#..#
######### #.# #.# ...##
#....>..# #.# #.#


You could see an orc wizard.

Vanquished Creatures
  Ijyb (D:3)
  An adder (D:3)
  An ooze (D:3)
  A dart slug (D:2)
  2 giant geckos (D:1)
  An orc (D:3)
  3 giant cockroaches
  5 goblins
  6 hobgoblins
  3 bats
  6 giant newts
  6 kobolds
  8 rats
44 creatures vanquished.

Notes
Turn   | Place    | Note
--------------------------------------------------------------
     0 | D:1      | grulito the Merfolk Skald began the quest for the Orb.
     0 | D:1      | Reached XP level 1. HP: 16/16 MP: 3/3
   225 | D:1      | Reached XP level 2. HP: 22/23 MP: 5/5
   922 | D:2      | Found an ancient bone altar of Kikubaaqudgha.
  1043 | D:2      | Noticed Ijyb
  1272 | D:2      | Reached XP level 3. HP: 28/28 MP: 6/6
  1275 | D:2      | Found a faded altar to an unknown god.
  1280 | D:2      | Learned a level 3 spell: Regeneration
  1283 | D:2      | Learned a level 2 spell: Shroud of Golubria
  2378 | D:3      | Killed Ijyb
  2378 | D:3      | Reached skill level 1 in Stealth
  2378 | D:3      | Reached XP level 4. HP: 29/34 MP: 3/7
  2977 | D:3      | Killed from afar by an orc wizard

Skill      XL: |  1  2  3 |
---------------+----------+-----
Short Blades   | 3 |  3.4
Dodging        | 2 3 |  3.5
Stealth        | 1 |  1.0
Fighting       | |  2.7
Armour         | |  0.6
Spellcasting   | |  2.0
Charms         | |  3.7

Action                   |  1- 3 |  4- 6 || total
-------------------------+-------+-------++-------
Melee: Short sword       |   166 |    47 ||   213
 Cast: Regeneration      |     3 |       ||     3
       Shroud of Golubri |     1 |       ||     1
 Stab: Sleeping          |     1 |       ||     1
  Eat: Bread ration      |     1 |       ||     1
       Chunk             |       |     2 ||     2
Armor: Leather armour    |    32 |    11 ||    43
Dodge: Dodged            |    99 |    26 ||   125
